 Dungeon Crawl Stone Soup version 0.19.0-11-g3fc08b3 (webtiles) character file.

337 JeffiDaFish the Skirmisher (level 6, 0/39 HPs)
             Began as a Gargoyle Fighter on Nov 8, 2016.
             Slain by an orc
             ... wielding a +0 trident
              (1 damage)
             ... on level 4 of the Dungeon on Nov 9, 2016.
             The game lasted 00:12:17 (3509 turns).

JeffiDaFish the Skirmisher (Gargoyle Fighter)       Turns: 3509, Time: 00:12:18

Health: 0/39       AC: 13    Str: 22      XL:     6   Next: 54%
Magic:  6/6        EV:  8    Int:  6 (8)  God:
Gold:   167        SH: 10    Dex:  9      Spells: 0 memorised, 5 levels left

rFire  . . .     SeeInvis .     a - +0 flail
rCold  . . .     Gourm    .     b - +0 scale mail
rNeg   + . .     Faith    .     c - +1 shield
rPois  ∞         Spirit   .     i - +2 hat
rElec  +         Reflect  .     (no cloak)
rCorr  .         Harm     .     (no gloves)
MR     .....                    (no boots)
Stlth  ..........               (no amulet)
                                (no ring)
                                (no ring)

@: no status effects
A: negative energy resistance 1, electricity resistance, unbreathing,
petrification resistance, rot immunity, AC +4
a: no special abilities


You were on level 4 of the Dungeon.
You were not hungry.

You visited 1 branch of the dungeon, and saw 4 of its levels.

You collected 167 gold pieces.

Inventory:

Hand Weapons
 a - a +0 flail (weapon)
Armour
 b - a +0 scale mail (worn)
 c - a +1 shield (worn)
 i - a +2 hat (worn)
Scrolls
 e - a scroll of recharging
 k - 3 scrolls of identify
 l - a scroll of teleportation {unknown}
 n - a scroll of remove curse
Potions
 d - 2 potions of might
 m - 2 potions of curing
 o - a potion of brilliance
Books
 j - a book of Minor Magic

   Spells                             Type                      Level
   a - Magic Dart                     Conjuration                  1
   b - Blink                          Translocation                2
   c - Call Imp                       Summoning                    2
   d - Repel Missiles                 Charms/Air                   2
   e - Slow                           Hexes                        2
   f - Conjure Flame                  Conjuration/Fire             3
   g - Mephitic Cloud                 Conjuration/Poison/Air       3
Comestibles
 f - 5 bread rations
 g - 3 chunks of flesh
 h - 2 meat rations


   Skills:
 + Level 4.6 Fighting
 + Level 3.9 Maces & Flails
 + Level 4.3 Armour
 + Level 1.6 Dodging
 + Level 0.2 Stealth
 + Level 4.5 Shields


You had 5 spell levels left.
You didn't know any spells.

Dungeon Overview and Level Annotations

Branches:
Dungeon (4/15)
 Temple: D:4-7

Altars:
Hepliaklqana
Kikubaaqudgha
Uskayaw
Vehumet
Yredelemnul


Innate Abilities, Weirdness & Mutations

You are resistant to torment.
Your stone body is resilient. (AC +4)
You are immune to poison.
You resist negative energy. (rN+)
You are resistant to electric shocks. (rElec)
You can survive without breathing.
You are immune to petrification.
You are immune to rotting.


Message History

You bump into the stone wall.
The orc wizard hits you but does no damage.
The orc wizard points at you and mumbles some strange words.
The magic dart hits you!
The orc hits you from afar with a trident.
You bump into the stone wall.
You feel yourself speed up. The orc wizard hits you with a dagger.
The orc hits you but does no damage.
The orc wizard barely misses you. x2; The orc completely misses you.
You're too confused to move!
You feel less confused.
The orc wizard points at you and mumbles some strange words.
The magic dart hits you!
* * * LOW HITPOINT WARNING * * *
You barely miss the orc wizard.
The orc wizard gestures at you while chanting.
The magic dart hits you!
* * * LOW HITPOINT WARNING * * *
The orc hits you from afar with a trident.
You die...

#....# #....# #..# . ....##
#....# #..#. ....# #....#
##..#. ....# #....# ...'
....# #....# ...# #####
##....######..#
#####.#....##...##..#
......#....#....##o.#
......#....'....@o{)# ....
......#....###+###..#.....#
.###+##..........#..#.....#
.#..............<#'##.....#
'#........................#
.....>....................+
...........######.........#
...........#....#.........#
...........#....#.........#


You could see an orc wizard and an orc.

Vanquished Creatures
  An orc priest (D:4)
  An iguana (D:3)
  Ijyb (D:3)
  7 gnolls
  10 adders
  3 worms
  2 dart slugs
  4 leopard geckos
  2 orcs
  2 giant cockroaches
  15 goblins
  4 hobgoblins
  6 jackals
  7 kobolds
  2 quokkas (D:3)
  7 ball pythons (D:2)
  9 bats
  5 frilled lizards
  4 rats
92 creatures vanquished.

Vanquished Creatures (others)
  A giant cockroach (D:3)
1 creature vanquished.

Grand Total: 93 creatures vanquished

Notes
Turn   | Place    | Note
-------+----------+-------------------------------------------
     0 | D:1      | JeffiDaFish the Gargoyle Fighter began the quest for the Orb.
     0 | D:1      | Reached XP level 1. HP: 14/14 MP: 1/1
   267 | D:1      | Reached XP level 2. HP: 19/19 MP: 2/2
   761 | D:1      | Reached XP level 3. HP: 24/24 MP: 3/3
  1405 | D:2      | Reached XP level 4. HP: 19/29 MP: 4/4
  1622 | D:2      | Reached skill level 1 in Dodging
  1842 | D:2      | Reached XP level 5. HP: 23/33 MP: 5/5
  2684 | D:3      | Noticed Ijyb
  2693 | D:3      | Killed Ijyb
  2693 | D:3      | Reached XP level 6. HP: 39/39 MP: 6/6
  3174 | D:3      | Found a faded altar of an unknown god.
  3174 | D:3      | Found a hazy altar of Hepliaklqana.
  3182 | D:3      | Found a hide-covered altar of Uskayaw.
  3184 | D:3      | Found a basalt altar of Yredelemnul.
  3185 | D:3      | Found an ancient bone altar of Kikubaaqudgha.
  3244 | D:3      | Found a radiant altar of Vehumet.
  3509 | D:4      | HP: 1/39 [orc wizard/magic dart (5)]
  3509 | D:4      | Slain by an orc

Skill      XL: |  1  2  3  4  5 |
---------------+----------------+-----
Shields        | 4 |  4.5
Fighting       | 4 |  4.6
Dodging        | 1 |  1.6
Maces & Flails | 3 |  3.9
Armour         | 4 |  4.3
Stealth        | |  0.2

Action                   |  1- 3 |  4- 6 || total
-------------------------+-------+-------++-------
Melee: Flail             |   198 |   247 ||   445
  Use: Scroll            |     4 |     3 ||     7
       Potion            |       |     7 ||     7
  Eat: Chunk             |     2 |     7 ||     9
Armor: Scale mail        |   114 |   151 ||   265
Dodge: Dodged            |    62 |   100 ||   162
Block: Shield            |   137 |   140 ||   277
